groovejumper, neutral female human Wizard ------ |Y.H)| |.A..| ; |..0.| ;; |.V..|; ; |....|; ; |%...| ; |.@..| |J/.o| |....| |.V. | | ; groovejumper the Enchantress Experience level: 14 Strength: 18/15 Dexterity: 17 Constitution: 17 Intelligence: 18 Wisdom: 18 Charisma: 10 Health: 0(128) Energy: 169(169) AC: 4 Gold: 0 Moves: 28686 Your Inventory: Amulets Q - the blessed Eye of the Aethiopica (being worn) Weapons a - a blessed fireproof +5 quarterstaff of reflection (weapon in hands) Armor v - a blessed +2 leather armor of dexterity (being worn) C - a blessed very burnt very rotted +0 cloak of magic resistance (being worn) K - a blessed burnt +1 pair of leather gloves of speed (being worn) M - a blessed +0 T-shirt (being worn) T - a blessed +0 pair of jumping boots (being worn) Rings d - an uncursed ring of regeneration (on left hand) n - an uncursed ring of teleport control (on right hand) G - an uncursed ring of conflict J - an [uncursed] mithril ring [of poison resistance] N - an uncursed ring of slow digestion Tools b - a blessed bag named holding [of holding] m - an uncursed key [skeleton key] u - a blessed [+0] unicorn horn A - a [cursed magic] lamp (lit) B - a blessed blindfold W - an uncursed sack Gems l - an uncursed gray stone named luckstone [luckstone] Contents of the bag of holding named holding: 35123 gold pieces an uncursed amulet of reflection 4 [cursed -2] arrows of detonation 13 uncursed +0 darts of stealth a blessed +3 quarterstaff a blessed +1 mummy wrapping an uncursed +0 pair of gauntlets of power 12 uncursed C-rations 12 uncursed K-rations 3 uncursed apples 4 uncursed avacados an uncursed candy bar 4 uncursed cram rations 3 [uncursed stale] eggs 4 uncursed food rations 4 uncursed fortune cookies 5 uncursed lizard corpses 2 uncursed pancakes an uncursed pear an uncursed tin [of large mimic meat] 2 [uncursed] tins [of long worm meat] an [uncursed] tin [of giant meat] 2 [uncursed] tins [of iron piercer meat] 2 uncursed scrolls called light [of enchant armor] a cursed scroll called light [of enchant armor] an [uncursed] scroll called scare monster [of scare monster] 3 uncursed scrolls of create monster a cursed scroll of create monster 2 uncursed scrolls of destroy armor 2 uncursed scrolls of earth an [uncursed] scroll of enchant weapon an uncursed scroll of fire a [cursed] scroll of fire an uncursed scroll of flood 2 blessed scrolls of food detection an uncursed scroll of food detection a cursed scroll of food detection 2 uncursed scrolls of genocide a cursed scroll of genocide 2 uncursed scrolls of gold detection a cursed scroll of gold detection a [blessed] scroll of identify 5 uncursed scrolls of light an uncursed scroll of magic mapping 2 blessed scrolls of remove curse 2 blessed scrolls of teleportation 6 uncursed scrolls of teleportation a cursed scroll of teleportation 2 uncursed unlabeled scrolls [of blank paper] a [cursed] unlabeled scroll [of blank paper] 2 uncursed diluted potions of paralysis 8 blessed potions called water [of holy water] 2 cursed potions called water [of unholy water] a blessed potion of blindness an uncursed potion of fruit juice a blessed potion of full healing 2 uncursed potions of full healing a cursed potion of gain level a blessed potion of hallucination a blessed potion of healing 3 uncursed potions of healing 3 uncursed potions of invisibility 2 blessed potions of levitation an uncursed potion of levitation a [blessed] potion of restore ability an uncursed potion of see invisible an uncursed potion of sleeping 2 uncursed potions of speed an [uncursed] chrysoberyl ring [of warning] an uncursed ring of free action an [uncursed] ring of free action a blessed +6 ring of gain wisdom an uncursed ring of invisibility a cursed ring of polymorph an uncursed ring of regeneration an uncursed ring of regeneration an [uncursed] ring of regeneration an uncursed ring of slow digestion an uncursed ring of sustain ability an uncursed ring of teleportation a cursed wand of cold (0:4) an uncursed wand of create monster (0:12) an uncursed wand of create monster [0:14] an uncursed wand of create monster [0:13] an uncursed wand of digging (0:5) an uncursed wand of digging [0:5] an uncursed wand of digging [0:8] an uncursed wand of digging [0:5] a [cursed] wand of digging [0:3] an uncursed wand of fire (0:7) an [uncursed] wand of fire [0:8] an uncursed wand of light (0:12) an uncursed wand of light [0:12] an uncursed wand of lightning (0:8) an uncursed wand of lightning [0:6] an [uncursed] wand of lightning [0:8] an uncursed wand of magic missile (0:8) an uncursed wand of magic missile [0:7] an uncursed wand of magic missile [0:0] an uncursed wand of magic missile [0:0] an uncursed wand of magic missile [0:5] an [uncursed] wand of magic missile [0:4] an uncursed wand of make invisible [0:5] a [cursed] wand of make invisible [0:7] a blessed wand of sleep [0:2] an uncursed wand of slow monster (0:8) an uncursed wand of striking [0:6] an uncursed wand of striking [0:4] an uncursed wand of striking [0:0] an uncursed wand of striking [0:0] an [uncursed] wand of striking [0:6] an uncursed wand of teleportation (0:8) an [uncursed] wand of teleportation [0:7] an uncursed blindfold a blessed brass lantern an [uncursed] can of grease [0:2] an uncursed key [skeleton key] an uncursed leash an uncursed magic marker (0:24) an uncursed magic whistle an [uncursed] magic whistle an uncursed [+0] pick-axe an uncursed tin opener an uncursed [+0] unicorn horn an uncursed [+0] unicorn horn an uncursed gray stone named luck or flint [flint] Spells known in the end: Name Level Category Fail Memory a - force bolt 1 attack 0% [|||||...] b - wizard lock 2 matter 0% [|||||...] c - detect food 2 divination 0% [|||||...] d - magic missile 2 attack 0% [|||||...] e - extra healing 3 healing 62% [||||||..] f - jumping 1 escape 0% [||||||..] g - sleep 1 enchantment 0% [|||||...] h - healing 1 healing 0% [||||||..] i - magic mapping 5 divination 77% [||||....] j - cause fear 3 enchantment 0% [|||||...] k - invisibility 4 escape 91% [|||||...] l - haste self 3 escape 62% [|||||||.] m - drain life 2 attack 0% [|||||||.] Your skills at the end: Fighting Skills Weapon Skills quarterstaff [Expert / Expert] Spellcasting Skills attack spells [Expert / Expert] divination spells [Basic / Expert] enchantment spells [Basic / Skilled] Final Attributes: You were piously aligned. Hunger level was 827. Your alignment was 153 / 153. Monster difficulty range was 4 - 20. Level difficulty was 26. You resisted cold. You resisted poison. You were magic-protected. You resisted spell damage. You saw invisible. You were telepathic. You were invisible to others. You could jump. You could teleport. You had teleport control. You regenerated. You were very fast. You had reflection. You were very lucky (5). You had extra luck. Bad luck did not time out for you. Good luck did not time out for you. You are dead (2nd time!). Vanquished creatures: a titan a purple worm a guivre a lindworm The Dark One a master mind flayer a titanothere 2 trappers 6 disenchanters Aphrodite 2 lurkers above an Aleax an ettin a golden naga 3 ghosts 5 locusts a mind flayer 2 giant mimics 3 zruties a fire giant an ogre king 3 rock trolls an umber hulk an Elvenking a doppelganger 2 large mimics 2 wumpuses 7 stalkers an air elemental a fire elemental an earth elemental 5 hill giants a black naga 4 xorns 4 elf-lords 9 sergeants 2 water demons 10 wargs a winter wolf 9 small mimics 2 rodents of unusual size a warhorse 5 xans an ettin mummy 4 quantum mechanics 7 trolls a sasquatch 2 wood golems a marilith an electric eel a giant turtle 4 pyrolisks 3 freezing spheres a flaming sphere a shocking sphere a large cat 2 gargoyles 13 tengu 2 leocrottas an energy vortex 6 stone giants 2 elf mummies 2 human mummies a pit viper a python 2 cobras 6 wraiths a carnivorous ape 6 ettin zombies 3 Grey-elves 30 soldiers an incubus a chameleon 3 crocodiles 2 giant beetles a quivering blob 5 cockatrices 2 wolves a winter wolf cub a lynx 2 panthers 7 gremlins a spotted jelly 17 leprechauns 4 orc-captains 3 iron piercers 2 mumakil 5 giant spiders 3 scorpions 2 horses 5 black lights 41 vampire bats 2 forest centaurs 4 gnome kings an orc mummy a dwarf mummy an ogre 17 brown puddings 21 rust monsters an owlbear a gold golem a werewolf 5 lizards an apprentice 2 chickatrices a dog 4 dingos 2 jaguars a dwarf lord 3 blue jellies 3 white unicorns a black unicorn 3 dust vortices 10 ravens a plains centaur 2 gnome mummies 2 snakes 5 apes a rope golem 3 soldier ants a fire ant 2 snow ants 4 bugbears an imp 4 lemures 7 quasits 10 wood nymphs 16 water nymphs 7 mountain nymphs 9 Mordor orcs 12 Uruk-hai 4 orc shamans 6 rock piercers 2 enormous rats 4 rock moles 4 ponies 7 fog clouds 5 yellow lights 3 shriekers 2 violet fungi 18 gnome lords 5 gnomish wizards 4 kobold mummies a guardian naga hatchling 2 gray oozes 2 barrow wights an elf zombie a ghoul a straw golem 2 paper golems 2 wax golems a jellyfish a baby crocodile 6 giant ants 2 little dogs 5 floating eyes 4 kittens 17 dwarves 10 homunculi a kobold lord 48 hill orcs 9 rothes a rabid rat 2 centipedes 13 giant bats 3 dwarf zombies 3 wererats 4 muggers 8 iguanas 40 killer bees 3 acid blobs 2 coyotes 3 gas spores 11 hobbits a manes a large kobold 7 hobgoblins 7 giant rats 9 cave spiders 5 brown molds 5 yellow molds 5 green molds 2 red molds 64 gnomes 13 garter snakes 2 gnome zombies 8 geckos 9 jackals 2 foxes 2 kobolds 20 goblins 3 sewer rats 5 grid bugs 6 bats 3 lichens 6 kobold zombies 7 newts 963 creatures vanquished. Voluntary challenges: You used a wielded weapon 1219 times. You read items or engraved 57 times. You put on armor 61 times. You never genocided any monsters. You polymorphed 807 items. You never changed form. You used no wishes. You wrote Elbereth's name 7 times. You encountered 1 bones level. You never used any Sokoban shortcuts. Dungeon overview: The Dungeons of Doom: levels 1 to 26 Level 1 a long staircase Level 2 stairs to The Gnomish Mines Level 3 a potion shop Level 7 many fountains Level 8 stairs to Sokoban Level 9 a fountain, a sink stairs to Town Level 11 an altar to Thoth, a fountain Level 12 an armor shop, an altar to Thoth Level 13 a general store, a sink Level 14 a fountain portal to The Quest Level 16 an altar to Thoth Level 18 a fountain Level 20 some fountains, some trees Level 22 a sink Level 23 portal to One-eyed Sam's Market Level 25 an altar to Thoth Level 26 <- You were here The Gnomish Mines: levels 3 to 10 Level 3 stairs to The Dungeons of Doom Level 5 many shops, a temple to Thoth, a magic chest, some fountains The Quest: levels 1 to 5 Level 1 a magic chest portal to The Dungeons of Doom Level 5 a temple Sokoban: levels 5 to 7 Level 7 (bell of opening) stairs to The Dungeons of Doom Town: levels 6 to 8 Level 6 some shops, some fountains, a sink Level 7 many fountains, many trees Level 8 stairs to The Dungeons of Doom One-eyed Sam's Market: Level 1 portal to The Dungeons of Doom History has recorded: On T:1 you entered the Dungeons of Doom to retrieve the Amulet of Yendor! On T:283 you reached level 2 of The Dungeons of Doom. On T:347 you advanced to experience level 2. On T:374 you advanced to experience level 3. On T:390 you reached level 1 of The Gnomish Mines. On T:607 you advanced to experience level 4. On T:657 you reached level 3 of The Dungeons of Doom. On T:727 you advanced to experience level 5. On T:1055 you reached level 4 of The Dungeons of Doom. On T:1249 you advanced to experience level 6. On T:1399 you reached level 5 of The Dungeons of Doom. On T:1764 you reached level 6 of The Dungeons of Doom. On T:1936 you advanced to experience level 7. On T:2177 you reached level 7 of The Dungeons of Doom. On T:2307 you reached level 8 of The Dungeons of Doom. On T:2461 you reached level 3 of Sokoban. On T:2519 you advanced to experience level 8. On T:3887 you received advice from The Oracle. On T:4493 you advanced to experience level 9. On T:4699 you reached level 2 of Sokoban. On T:5773 you reached level 1 of Sokoban. On T:7261 you reached level 9 of The Dungeons of Doom. On T:8314 you reached level 2 of The Gnomish Mines. On T:8324 you advanced to experience level 10. On T:8378 you reached level 3 of The Gnomish Mines. On T:9709 you received a fireproof quarterstaff of reflection from Thoth. On T:10349 you reached level 4 of The Gnomish Mines. On T:10952 you reached level 5 of The Gnomish Mines. On T:11511 you reached level 6 of The Gnomish Mines. On T:11980 you advanced to experience level 11. On T:12022 you reached level 7 of The Gnomish Mines. On T:13254 you reached level 8 of The Gnomish Mines. On T:13840 you advanced to experience level 12. On T:16812 you advanced to experience level 13. On T:17732 you reached level 3 of Town. On T:17816 you reached level 2 of Town. On T:18016 you killed Aphrodite on level 2 of Town. On T:18160 you reached level 1 of Town. On T:18523 you reached level 10 of The Dungeons of Doom. On T:18789 you reached level 11 of The Dungeons of Doom. On T:19432 you reached level 12 of The Dungeons of Doom. On T:19701 you reached level 13 of The Dungeons of Doom. On T:19955 you reached level 14 of The Dungeons of Doom. On T:20353 you reached level 1 of The Quest. On T:21937 you embarked upon an epic quest. On T:21983 you reached level 2 of The Quest. On T:22146 you reached level 3 of The Quest. On T:22682 you reached level 4 of The Quest. On T:22980 you reached level 5 of The Quest. On T:23289 you killed Dark One on level 5 of The Quest. On T:23465 you completed the quest! On T:23637 you reached level 15 of The Dungeons of Doom. On T:24149 you reached level 16 of The Dungeons of Doom. On T:24450 you reached level 17 of The Dungeons of Doom. On T:24918 you reached level 18 of The Dungeons of Doom. On T:25810 you reached level 20 of The Dungeons of Doom. On T:26094 you reached level 21 of The Dungeons of Doom. On T:26623 you reached level 22 of The Dungeons of Doom. On T:26927 you reached level 23 of The Dungeons of Doom. On T:27026 you reached level 1 of One-eyed Sam's Market. On T:27349 you reached level 24 of The Dungeons of Doom. On T:27400 you advanced to experience level 14. On T:28200 you reached level 25 of The Dungeons of Doom. On T:28542 you reached level 26 of The Dungeons of Doom. On T:28622 you were saved from death by your amulet of life saving! Latest messages: [HP+1=110] [HP+5=115] [HP+1=116] [HP+1=117] [HP+5=122] [HP+1=123] [HP+1=124] [HP+3=127] [HP+1=128] You fall down the stairs. The jabberwock bites! (2x) The jabberwock hits! (2x) [HP-48=80] You kill the gremlin! The jabberwock bites! (2x) The jabberwock hits! (2x) [HP-36=44] You kill the gremlin! The jabberwock bites! (2x) The jabberwock hits! (2x) You die... The sack is empty. Final status: Goodbye groovejumper the Wizard... You died in The Dungeons of Doom on dungeon level 26 with 52797 points, and 35123 pieces of gold, after 28686 moves. You were level 14 with a maximum of 128 hit points when you died.